 Dungeon Crawl Stone Soup version 0.29.0-5-ge4962eb29e (webtiles) character file.

Game seed: 6328771405135052273

151 ImASeal the Cudgeller (level 5, -9/53 HPs)
             Began as a Troll Fighter on Aug 29, 2022.
             Was an Initiate of Gozag.
             Mangled by Edmund
             ... wielding a +3 dire flail of venom
              (13 damage)
             ... on level 2 of the Dungeon.
             The game lasted 00:08:10 (2850 turns).

ImASeal the Cudgeller (Troll Fighter)               Turns: 2850, Time: 00:08:11

Health: -9/53      AC:  4    Str: 26    XL:     5   Next: 11%
Magic:  4/4        EV:  8    Int:  4    God:    Gozag
Gold:   156        SH:  7    Dex:  9    Spells: 4/4 levels left

rFire   . . .      SeeInvis .   a - +0 flail
rCold   . . .      Faith    .   c - +0 kite shield
rNeg    + . .      Spirit   .   b - +0 robe
rPois   +          Reflect  .   (helmet restricted)
rElec   .          Harm     .   (no cloak)
rCorr   .          Rampage  .   (gloves unavailable)
Will    .....                   (boots unavailable)
Stlth   +.........              (no amulet)
HPRegen 0.97/turn               q - ring of positive energy
MPRegen 0.09/turn               p - ring of poison resistance

@: no status effects
A: large, unfitting armour, claws 3, regeneration 1, shaggy fur 1, tough skin 1
a: Renounce Religion, Potion Petition, Call Merchant, Bribe Branch


You were on level 2 of the Dungeon.
You worshipped Gozag.
Gozag was aware of your devotion.
You visited 2 branches of the dungeon, and saw 5 of its levels.

You collected 241 gold pieces.
You paid 85 gold pieces to Gozag.

Inventory:

Hand Weapons
 a - a +0 flail (weapon)
Armour
 b - a +0 robe (worn)
 c - a +0 kite shield (worn)
Jewellery
 n - a ring of flight
 p - a ring of poison resistance (right claw)
 q - a ring of positive energy (left claw)
 s - a ring of fire
 t - a ring of resist corrosion
Wands
 v - a wand of flame (13)
Scrolls
 h - a scroll of teleportation {unknown}
 i - 5 scrolls of identify
 k - 3 scrolls of enchant weapon
 m - a scroll of magic mapping {unknown}
 o - a scroll of amnesia {unknown}
 r - 2 scrolls of blinking {unknown}
 u - a scroll of noise {unknown}
Potions
 d - a potion of might
 g - 4 potions of lignification
 j - 2 potions of mutation {unknown}
 l - 3 potions of haste {unknown}


   Skills:
 * Level 3.5 Fighting
 * Level 3.9 Maces & Flails
 - Level 2.4 Dodging
 - Level 2.6 Shields


You had 4 spell levels left.
You didn't know any spells.
Your spell library contained the following spells:

 Spells                   Type           Power      Damage    Failure   Level
 Shock                    Conj/Air       0%         1d3       80%         1
 Slow                     Hex            0%         N/A       80%         1
 Summon Small Mammal      Summ           0%         N/A       80%         1
 Call Canine Familiar     Summ           0%         N/A       99%         3
 Confusing Touch          Hex            0%         N/A       99%         3
 Summon Guardian Golem    Hex/Summ       0%         N/A       99%         3
 Swiftness                Air            0%         N/A       99%         3
 Vampiric Draining        Necr           0%         2d6       99%         3
 Airstrike                Air            0%         2d(0-16)  100%        4


Dungeon Overview and Level Annotations

Branches:
Dungeon (4/15)             Temple (1/1) D:4

Altars:
Ashenzari
Cheibriados
Dithmenos
Elyvilon
Fedhas
Gozag
Hepliaklqana
Makhleb
Nemelex Xobeh
Qazlal
Ru
Trog
Uskayaw
Vehumet
Wu Jian
Xom
Yredelemnul
Zin
The Shining One

Annotations:
D:2 Edmund


Innate Abilities, Weirdness & Mutations

You are too large for most types of armour.
You have claws for hands.
Your natural rate of healing is unusually fast.
You are covered in fur. (AC +1)
You have tough skin. (AC +1)


Message History

Edmund barely misses you. Edmund attacks as you move away!
Edmund hits you with a +3 dire flail of venom.
You feel very sick.
You hit Edmund.
Edmund is heavily wounded.
You feel sick. You block Edmund's attack.
Edmund hits you with a +3 dire flail of venom!
* * * LOW HITPOINT WARNING * * *
You feel much better.
You feel sick. You block Edmund's attack.
You hit Edmund but do no damage.
Edmund is heavily wounded.
You feel sick.
Edmund hits you with a +3 dire flail of venom!
* * * LOW HITPOINT WARNING * * *
You hit Edmund but do no damage.
Edmund is heavily wounded.
You feel sick. Edmund closely misses you.
You hit Edmund but do no damage.
Edmund is heavily wounded.
You feel sick. You block Edmund's attack. x2
You hit Edmund.
Edmund is heavily wounded.
You feel sick.
You are no longer poisoned.
You block Edmund's attack.
You hit Edmund but do no damage.
Edmund is heavily wounded.
Edmund closely misses you.
You sock Edmund!
Edmund is severely wounded.
You block Edmund's attack.
Edmund clears his throat.
Edmund hits you with a +3 dire flail of venom!
* * * LOW HITPOINT WARNING * * *
You hit Edmund.
Edmund is severely wounded.
Edmund hits you with a +3 dire flail of venom!
You die...
Your body crumbles into a pile of gold.

.......####.....#.....### #....
.......####.##....#.....# #....
............##......###.# #....
##.##..#######...<..# #.### #....
#.##.######.....#.## #...#######
#.##.##.....#...#.## ###.....#
#.##.#..#####...#..#########>#
##.#..).## #...@#.....# #.#
.......## ###..@.......### #.##
......## #........###...# #..#
.......#####.....#..# #.#.# ##.##
...###..............# #.#.# #...
......##............###.#.#######
......##.#..................# #.
....................#.......# #.
......####..).......#.#.....# #.
......# #..........#.#.##### #.


You could see Edmund.

Vanquished Creatures
  4 adders (D:3)
  3 worms
  2 dart slugs (D:1)
  8 orcs
  3 ball pythons
  9 endoplasms
  3 giant cockroaches
  9 goblins
  6 hobgoblins
  7 jackals (D:3)
  6 quokkas
  6 bats
  5 frilled lizards
  9 kobolds
  6 rats
86 creatures vanquished.

Notes
Turn   | Place    | Note
-------+----------+-------------------------------------------
     0 | D:1      | ImASeal the Troll Fighter began the quest for the Orb.
     0 | D:1      | Reached XP level 1. HP: 22/22 MP: 0/0
    95 | D:1      | Reached XP level 2. HP: 28/29 MP: 1/1
   117 | D:1      | Found a faded altar of an unknown god.
   296 | D:1      | Reached XP level 3. HP: 37/37 MP: 2/2
  1335 | D:2      | Found a snail-covered altar of Cheibriados.
  1442 | D:2      | Reached XP level 4. HP: 41/45 MP: 3/3
  2214 | D:3      | Reached XP level 5. HP: 53/53 MP: 4/4
  2410 | D:4      | Found a staircase to the Ecumenical Temple.
  2523 | Temple   | Entered the Ecumenical Temple
  2720 | Temple   | Became a worshipper of Gozag Ym Sagoz the Greedy
  2805 | D:4      | Noticed Edmund
  2834 | D:3      | HP: 1/53 [Edmund/+3 dire flail of venom (4)]
  2850 | D:2      | Mangled by Edmund

Illustrated notes

Levels and vault maps discovered:
D:1:      roderic_chinese_lattice_arrival, layout_loops_ring,
          hellmonk_ecumenical_altar_zigzags, hangedman_decor_diamond_cutter,
          chequers_serial_rivers_micro_e, minmay_tree_intersection,
          kennysheep_flooded_box, st_stairs_1
D:2:      layout_rooms, basic_altar
D:3:      layout_basic, hangedman_decor_points, minmay_circle_x
D:4:      layout_gridville, minmay_temple_entry_glass, uniq_edmund
Temple:   nicolae_temple_bog_church

Skill      XL: |  1  2  3 |
---------------+----------+-----
Maces & Flails | 2 3 |  3.9
Fighting       | 3 |  3.5
Dodging        | |  2.4
Shields        | |  2.6

Action                   |  1- 3 |  4- 6 || total
-------------------------+-------+-------++-------
Melee: Flail             |   184 |   139 ||   323
  Use: Scroll            |       |     4 ||     4
       Potion            |       |     5 ||     5
Armor: Robe              |    77 |    48 ||   125
Dodge: Dodged            |    81 |    66 ||   147
Block: Kite shield       |    76 |    58 ||   134
